 Dungeon Crawl Stone Soup version 0.25-a0-665-ga69d64035b (webtiles) character file.

Game seed: 6006718887770237595, levelgen mode: deterministic

90 Error4North the Covered (level 4, 0/40 HPs)
             Began as a Hill Orc Fighter on Mar 26, 2020.
             Slain by Sigmund
             ... wielding a +0 scythe
              (8 damage)
             ... on level 2 of the Dungeon.
             The game lasted 00:05:56 (1718 turns).

Error4North the Covered (Hill Orc Fighter)          Turns: 1718, Time: 00:05:56

Health: 0/40       AC:  7    Str: 19    XL:     4   Next: 56%
Magic:  4/4        EV: 10    Int:  8    God:
Gold:   40         SH:  9    Dex: 10    Spells: 3/3 levels left

rFire    . . .     SeeInvis .   a - +0 war axe
rCold    . . .     Gourm    .   c - +0 kite shield
rNeg     + . .     Faith    .   b - +0 scale mail
rPois    .         Spirit   .   (no helmet)
rElec    .         Reflect  .   (no cloak)
rCorr    .         Harm     .   (no gloves)
MR       .....                  (no boots)
Stlth    ..........             (no amulet)
HPRegen  0.13/turn              k - +3 ring of evasion
MPRegen  0.09/turn              n - ring of positive energy

@: brilliant
A: no striking features
a: no special abilities


You were on level 2 of the Dungeon.
You were not hungry.

You visited 1 branch of the dungeon, and saw 2 of its levels.

You collected 40 gold pieces.

Inventory:

Hand Weapons
 a - a +0 war axe (weapon)
Armour
 b - a +0 scale mail (worn)
 c - a +0 kite shield (worn)
Jewellery
 k - a +3 ring of evasion (left hand)
 n - a ring of positive energy (right hand)
Scrolls
 d - a scroll of enchant weapon {unknown}
 e - a scroll of noise {unknown}
 h - 2 scrolls of identify {unknown}
 j - a scroll of blinking {unknown}
 o - a scroll of teleportation {unknown}
 p - a scroll of immolation {unknown}
Potions
 g - a potion of lignification {unknown}
 i - a potion of degeneration {unknown}
 l - a potion of curing
Comestibles
 f - 7 rations


   Skills:
 + Level 4.0 Fighting
 + Level 3.6 Axes
 * Level 4.2 Armour
 + Level 0.2 Dodging
 * Level 4.1 Shields


You had 3 spell levels left.
You didn't know any spells.
Your spell library was empty.

Dungeon Overview and Level Annotations

Branches:
Dungeon (2/15)

Altars:
Gozag
Qazlal

Annotations:
D:2 Sigmund


Message History

You hear some strange, mumbled words.
A magic dart appears from out of thin air!
The magic dart hits you. The worm barely misses you.
You barely miss the worm.
The worm is lightly wounded.
You closely miss something. Something hits you! The worm bites you.
* * * LOW HITPOINT WARNING * * *
You barely miss the worm.
The worm is lightly wounded.
You miss something. Something hits you.
* * * LOW HITPOINT WARNING * * *
You block the worm's attack.
It was a potion of curing.
You feel better. Something hits you but does no damage.
It was a potion of brilliance.
You feel clever all of a sudden. You block the worm's attack.
Something hits you.
* * * LOW HITPOINT WARNING * * *
Something hits you!
You die...

# #. #.# ##.. ..(#
.....########## ...#
.......@......####....#
.. .#
#.#+###...###....#....
..... +..w'...........
#.#.#
#...###..#.####.##
#.#.#
#####.............
#.#.# ########..####.#.
#.#.# #..........# .
#.#.######
#.#....#..####
..........
#.#...........


You could see a worm.

Vanquished Creatures
  Terence (D:2)
  An adder (D:2)
  An ooze (D:2)
  A dart slug (D:1)
  4 leopard geckos
  2 giant cockroaches
  7 goblins
  4 hobgoblins
  3 jackals (D:1)
  A ball python (D:1)
  6 bats
  4 frilled lizards
  5 kobolds
  5 rats (D:1)
45 creatures vanquished.

Notes
Turn   | Place    | Note
-------+----------+-------------------------------------------
     0 | D:1      | Error4North the Hill Orc Fighter began the quest for the
                  | Orb.
     0 | D:1      | Reached XP level 1. HP: 19/19 MP: 1/1
   204 | D:1      | Reached XP level 2. HP: 21/27 MP: 2/2
   465 | D:1      | Reached XP level 3. HP: 27/33 MP: 3/3
   568 | D:1      | You fall into a shaft and drop 1 floor!
   594 | D:2      | Found an opulent altar of Gozag.
  1342 | D:2      | Noticed Terence
  1354 | D:2      | Killed Terence
  1354 | D:2      | Reached XP level 4. HP: 19/40 MP: 4/4
  1531 | D:2      | Noticed an earth elemental
  1532 | D:2      | Found a stormy altar of Qazlal.
  1536 | D:2      | Noticed a water elemental
  1536 | D:2      | Noticed an air elemental
  1536 | D:2      | Noticed a fire elemental
  1692 | D:2      | Noticed Sigmund
  1718 | D:2      | Slain by Sigmund

Levels and vault maps discovered:
D:1:      elethiomel_arrival_infinity_welcomes_careful_drivers,
          layout_loops_cross
D:2:      layout_basic, nicolae_qazlal_style_of_elements, lemuel_doored_altar,
          first_ration, uniq_terence, uniq_sigmund

Skill      XL: |  1  2  3 |
---------------+----------+-----
Fighting       | 4 |  4.0
Armour         | 4 |  4.2
Axes           | 3 |  3.6
Shields        | 4 |  4.1
Dodging        | |  0.2

Action                   |  1- 3 |  4- 6 || total
-------------------------+-------+-------++-------
Melee: War axe           |   106 |    31 ||   137
  Use: Potion            |     1 |     2 ||     3
  Eat: Chunk             |     2 |     1 ||     3
Armor: Scale mail        |    52 |    14 ||    66
Dodge: Dodged            |    45 |    16 ||    61
Block: Kite shield       |    64 |    15 ||    79

Table legend:
 A = Non-vault XP
 B = Vault XP
 C = Vault XP percentage of total XP
 D = Non-vault monster count
 E = Vault monster count
 F = Vault count percentage of total count
                 A         B        C        D         E       F
            +---------+---------+-------+---------+---------+-------
      Total |      91 |      38 |  29.5 |      44 |       1 |   2.2
            +---------+---------+-------+---------+---------+-------
        D:1 |      44 |       0 |   0.0 |      27 |       0 |   0.0
        D:2 |      47 |      38 |  44.7 |      17 |       1 |   5.6
            +---------+---------+-------+---------+---------+-------
